 Dungeon Crawl Stone Soup version 0.18-a0-337-g1235303 (webtiles) character file.

7578 Raultor the Transmogrifier (level 10, -1/83 HPs)
             Began as a Grey Draconian Transmuter on Nov 28, 2015.
             Was a Believer of Makhleb.
             Killed by divine providence
             ... invoked by an orc priest
              (16 damage)
             ... on level 9 of the Dungeon.
             The game lasted 00:36:15 (8745 turns).

Raultor the Transmogrifier (DrTm)                   Turns: 8745, Time: 00:36:16

Health: -1/83      AC: 21    Str: 11    XL:     10   Next: 97%
Magic:  13/15      EV: 14    Int: 14    God:    Makhleb [**....]
Gold:   482        SH:  0    Dex: 12    Spells: 2 memorised, 10 levels left

rFire  . . .     SeeInvis .     E - +6 demon whip "Ixissetyo" {freeze, rElec MR++ Str-2}
rCold  . . .     Clarity  .     (armour unavailable)
rNeg   . . .     SustAt   .     (no shield)
rPois  .         Gourm    .     F - +2 hat {MR+}
rElec  +         Spirit   .     z - +1 cloak
rCorr  .         Warding  .     (no gloves)
rMut   .         Stasis   .     (no boots)
MR     +++..                    (no amulet)
Stlth  +.........               e - +5 ring of protection
                                m - +5 ring of slaying

@: extremely resistant to hostile enchantments, very unstealthy
A: walk through water, unfitting armour, mutation resistance 1, weak 1,
unbreathing, cold-blooded, AC +12
a: Minor Destruction, Renounce Religion


You were on level 9 of the Dungeon.
You worshipped Makhleb.
Makhleb was pleased with you.
You were not hungry.

You visited 2 branches of the dungeon, and saw 11 of its levels.

You collected 482 gold pieces.

Inventory:

Hand Weapons
 a - a +2 hunting sling of flaming
 E - the +6 demon whip "Ixissetyo" (weapon) {freeze, rElec MR++ Str-2}
   (You found it on level 8 of the Dungeon)

   It has been specially enchanted to freeze those struck by it, causing extra
   injury to most foes and up to half again as much damage against particularly
   susceptible opponents.
   It can also slow down cold-blooded creatures.
   It affects your strength (-2).
   It insulates you from electricity.
   It affects your resistance to hostile enchantments.
Missiles
 u - 237 stones (quivered)
Armour
 z - a +1 cloak (worn)
 F - a +2 hat of magic resistance (worn)
Jewellery
 e - a +5 ring of protection (right hand)
 h - an uncursed amulet of clarity
 m - a +5 ring of slaying (left hand)
 o - an uncursed ring of protection from fire
 K - an uncursed ring of teleportation
Wands
 G - a wand of paralysis (3)
Scrolls
 d - a scroll of enchant weapon
 f - 6 scrolls of identify
 j - 2 scrolls of enchant armour
 n - 2 scrolls of random uselessness
 p - a scroll of fog
 t - a scroll of blinking {unknown}
 x - a scroll of recharging {unknown}
 y - 3 scrolls of remove curse
 A - 4 scrolls of teleportation {unknown}
 B - a scroll of immolation {unknown}
 C - a scroll of silence {unknown}
Potions
 g - 4 potions of brilliance
 i - a potion of cancellation
 l - 2 potions of curing
 q - a potion of ambrosia {unknown}
 v - a potion of cure mutation
 D - a potion of berserk rage {unknown}
 H - a potion of agility {unknown}
Books
 b - a book of Changes

   Spells                             Type                      Level
   a - Beastly Appendage              Transmutation                1
   b - Sticks to Snakes               Transmutation                2
   c - Spider Form                    Transmutation/Poison         3
   d - Ice Form                       Ice/Transmutation            4
   e - Blade Hands                    Transmutation                5
 I - a book of Cantrips

   Spells                             Type                      Level
   a - Corona                         Hexes                        1
   b - Animate Skeleton               Necromancy                   1
   c - Summon Small Mammal            Summoning                    1
   d - Apportation                    Translocation                1
 J - a book of Alchemy

   Spells                             Type                      Level
   a - Sublimation of Blood           Necromancy                   2
   b - Ignite Poison                  Fire/Transmutation/Poison    3
   c - Alistair's Intoxication        Transmutation/Poison         4
   d - Condensation Shield            Ice                          4
   e - Petrify                        Transmutation/Earth          4
   f - Irradiate                      Conjuration/Transmutation    5
Comestibles
 c - 7 bread rations
 k - 8 fruits
 r - 2 beef jerkies
 s - 5 meat rations
 w - 9 slices of pizza


   Skills:
 + Level 5.9 Fighting
 + Level 5.8 Dodging
 * Level 10.1 Unarmed Combat
 - Level 3.8 Spellcasting
 + Level 10.8 Transmutations


You had 10 spell levels left.
You knew the following spells:

 Your Spells              Type           Power        Failure   Level  Hunger
a - Beastly Appendage     Trmt           ####..       1%          1    None
b - Blade Hands           Trmt           ####......   10%         5    ######.


Dungeon Overview and Level Annotations

Branches:
Dungeon (10/15)            Temple (1/1) D:7             Orc (0/4) D:9
   Lair: D:8-11

Altars:
Ashenzari
Cheibriados
Dithmenos
Elyvilon
Fedhas
Gozag
Kikubaaqudgha
Makhleb
Nemelex Xobeh
Okawaru
Qazlal
Ru
Sif Muna
Trog
Vehumet
Xom
Yredelemnul
Zin
The Shining One

Shops:
D:4 }

Annotations:
D:2 Sigmund


Innate Abilities, Weirdness & Mutations

You can walk through water.
Your dull iron-grey scales are very hard (AC +12).
Your body does not fit into most forms of armour.
You can survive without breathing.
You are cold-blooded and may be slowed by cold attacks.
You are somewhat resistant to further mutation.
You are weak. (Str -2)


Message History

It glows with a cold blue light!
The orc priest complains loudly.
The warg pauses to sniff the ground.
The orc priest calls down the wrath of Beogh upon you.
Something smites you!
* * * LOW HITPOINT WARNING * * *
The warg bites you but does no damage. The warg barely misses you.
There is a stone staircase leading up here.
Drink which item? (? for menu, Esc to quit)
You feel better. The warg misses you.
The orc priest casts a cantrip, but nothing happens.
The warg bites you but does no damage. The warg closely misses you.
The warg bites you but does no damage. The orc priest barely misses you.
The warg bites you but does no damage. x2
You climb upwards.
There is a stone staircase leading down here.
The orc priest calls down the wrath of Beogh upon you.
Something smites you!
You die...

#.#....#..##g# #######
########.#...###..#.o.oooo#......
...........##.#.#.#g#g.KTK#######
########.####..##.#.#8Koo8#.#
#.###...##.#.# #####.#
#.##.#.#.#.#.# #.# #(#.##.##.h..#
#†# #........o>..# #.#
###.##.##@.h## #.# ##.#.#>#.##
#.# ######...##.###### #.#
.........[<)......####.# #.#
######...##.#.##.......# #.#
#...##..###..###### #.# #...##.##
#..## #.#########...##.# #...#
#.#...........##.## ##..#


You could see 2 wargs and an orc priest.

Vanquished Creatures
  Gastronok (D:8)
  Erolcha (D:8)
  2 trolls (D:9)
  A trapdoor spider zombie (D:9)
  A wyvern (D:9)
  Grum (D:9)
  A hippogriff (D:8)
  A human (D:7)
  2 wolves (D:9)
  Menkaure (D:4)
  6 sky beasts
  2 phantoms
  3 ogres
  5 orc warriors
  2 centaurs
  A gnoll sergeant (D:8)
  3 giant frogs
  2 big kobolds (D:9)
  A wyvern skeleton (D:7)
  A water moccasin zombie (D:5)
  2 scorpions
  3 crimson imps
  2 giant frog zombies
  4 hounds
  3 centaur skeletons
  Crazy Yiuf (D:2)
  6 orc priests
  2 giant frog skeletons
  5 iguanas
  5 orc wizards
  A quasit (D:6)
  4 sheep (D:7)
  8 worker ants
  A hound skeleton (D:8)
  A hound zombie (D:7)
  10 adders
  2 worker ant zombies (D:5)
  11 gnolls
  2 shadow imps
  An ooze (D:1)
  2 worms
  4 giant geckos
  29 orcs
  A giant cockroach (D:3)
  8 goblins
  10 hobgoblins
  5 jackals
  4 quokkas
  2 ball pythons
  A ball python skeleton (D:5)
  5 bats
  3 giant newts
  4 kobolds (D:1)
  5 rats
195 creatures vanquished.

Notes
Turn   | Place    | Note
--------------------------------------------------------------
     0 | D:1      | Raultor the Draconian Transmuter began the quest for the Orb.
     0 | D:1      | Reached XP level 1. HP: 16/16 MP: 3/3
    71 | D:1      | Reached XP level 2. HP: 20/23 MP: 5/5
   894 | D:1      | Reached XP level 3. HP: 28/28 MP: 6/6
  1259 | D:2      | Reached skill level 4 in Transmutations
  1358 | D:2      | Noticed Sigmund
  1375 | D:2      | Noticed Crazy Yiuf
  1384 | D:2      | Killed Crazy Yiuf
  1384 | D:2      | Reached XP level 4. HP: 8/35 MP: 7/7
  1558 | D:2      | Gained mutation: Scrolls take you a little longer to read. [potion of mutation]
  1558 | D:2      | Lost mutation: Scrolls take you a little longer to read. [potion of mutation]
  1558 | D:2      | Gained mutation: You are resistant to hostile enchantments. [potion of mutation]
  1836 | D:3      | Reached skill level 5 in Transmutations
  1931 | D:3      | Reached XP level 5. HP: 35/40 MP: 8/8
  2105 | D:3      | Found a shadowy altar of Dithmenos.
  2652 | D:4      | Noticed an ogre
  2683 | D:4      | Killed an ogre
  2683 | D:4      | Reached skill level 6 in Transmutations
  2683 | D:4      | Reached XP level 6. HP: 32/47 MP: 7/10
  2756 | D:4      | Found Vial's Gadget Boutique.
  2939 | D:4      | Noticed Menkaure
  2973 | D:4      | Killed Menkaure
  3143 | D:4      | Reached skill level 7 in Transmutations
  3146 | D:4      | Your scales start taking on a dull iron-grey colour.
  3146 | D:4      | Gained mutation: You can survive without breathing. [Grey Draconian growth]
  3146 | D:4      | Reached XP level 7. HP: 52/52 MP: 9/12
  3240 | D:4      | Learned a level 5 spell: Blade Hands
  3504 | D:5      | Entered Level 5 of the Dungeon
  3770 | D:5      | Reached skill level 8 in Transmutations
  3817 | D:5      | Reached XP level 8. HP: 49/59 MP: 13/13
  4132 | D:5      | Reached skill level 9 in Transmutations
  4324 | D:6      | Reached skill level 5 in Unarmed Combat
  4956 | D:6      | Found a bloodstained altar of Trog.
  4957 | D:6      | Found a shattered altar of Ashenzari.
  4960 | D:6      | Found a blossoming altar of Fedhas.
  5428 | D:7      | Reached XP level 9. HP: 64/64 MP: 14/14
  5435 | D:7      | Found a staircase to the Ecumenical Temple.
  5459 | Temple   | Entered the Ecumenical Temple
  5472 | Temple   | Became a worshipper of Makhleb the Destroyer
  6140 | D:7      | Lost mutation: You are resistant to hostile enchantments. [potion of cure mutation]
  6173 | D:7      | Reached skill level 10 in Transmutations
  6568 | D:8      | Reached * piety under Makhleb
  6629 | D:8      | Noticed Erolcha
  6639 | D:8      | Killed Erolcha
  6847 | D:8      | Found a radiant altar of Vehumet.
  6929 | D:8      | Got a crystal demon whip
  6930 | D:8      | Identified the +6 demon whip "Ixissetyo" {freeze, rElec MR++ Str-2} (You found it on level 8 of the Dungeon)
  7168 | D:8      | Gained mutation: You are weak. (Str -2) [potion of mutation]
  7168 | D:8      | Gained mutation: You are somewhat resistant to further mutation. [potion of mutation]
  7276 | D:8      | Reached XP level 10. HP: 71/77 MP: 15/15
  7447 | D:8      | Noticed Gastronok
  7462 | D:8      | Killed Gastronok
  7931 | D:9      | Reached skill level 5 in Fighting
  7931 | D:9      | Reached skill level 5 in Dodging
  7963 | D:9      | Noticed Grum
  7990 | D:9      | Killed Grum
  8243 | D:9      | Reached skill level 10 in Unarmed Combat
  8304 | D:9      | Found a staircase to the Orcish Mines.
  8322 | D:9      | Reached ** piety under Makhleb
  8359 | D:10     | Entered Level 10 of the Dungeon
  8739 | D:10     | HP: 4/83 [orc priest/divine providence (13)]
  8745 | D:9      | Killed from afar by an orc priest

Vault maps used:
D:1:      scummos_arrival_forest, kennysheep_decorative_pillar
D:2:      kennysheep_minor_cross, eino_curves_03, uniq_sigmund,
          uniq_crazy_yiuf_cottage, uniq_natasha, uniq_robin
D:3:      grunt_dithmenos_smoke, first_bread, feat_on_display
D:4:      wad_pebble_path, serial_shops, shop, uniq_menkaure
D:6:      minitemple
D:7:      minmay_temple_entry_purple_smoke, grunt_livestock
D:8:      fiery_altar_vehumet, minmay_fountain_box, feat_on_display,
          uniq_gastronok, uniq_erolcha
D:9:      kennysheep_orc_monster_closet_entryway, item_on_display_a, uniq_grum
D:10:     erik_lair_orcish_takeover
Temple:   water_room_temple_a_12

Action                   |  1- 3 |  4- 6 |  7- 9 | 10-12 || total
-------------------------+-------+-------+-------+-------++-------
Melee: Unarmed           |   135 |    88 |   311 |    44 ||   578
       Demon whip        |       |       |    17 |    79 ||    96
 Cast: Beastly Appendage |     1 |     8 |    11 |       ||    20
       Blade Hands       |       |       |    12 |     4 ||    16
  Use: Scroll            |     4 |     1 |       |     5 ||    10
       Potion            |     1 |     9 |     3 |     1 ||    14
 Stab: Distracted        |       |     1 |       |       ||     1
       Sleeping          |       |     1 |       |       ||     1
  Eat: Chunk             |     2 |     5 |    14 |     4 ||    25
       Meat ration       |       |       |     1 |       ||     1
       Bread ration      |       |       |       |     1 ||     1
